Map: Ley Lines

Players

Teisu

  • Race: Terran Terran
  • League: Master
  • Spawn Location: 7:00

ManlyManMeat - Winner!

  • Race: Zerg Zerg
  • League: Diamond
  • Spawn Location: 1:00

VOD

Have the link to the VOD?

Description

Time

  • Played on: July 13, 2025, 12:58 p.m.
  • Length: 27:27
Show
View Real Time Build Order
Export as new Build Order

Teisu Terran 

Build Orders:  

Get SALT Encoding   

Show
View Real Time Build Order
Export as new Build Order

ManlyManMeat Zerg - Winner!

Build Orders: Pool First 

Get SALT Encoding   

  12  0:00  Drone  
  13  0:18  Drone  
  13  0:21  Drone, Extractor  
  13  0:35  Spawning Pool  
  13  0:39  Overlord  
  13  1:00  Drone  
  13  1:04  Drone x2  
  13  1:15  Hatchery  
  13  1:33  Queen  
  13  4:03  Queen  
  13  4:04  Queen  
  13  4:23  Hatchery  
  13  4:24  Hatchery x2  
  13  4:27  Hatchery  
  13  5:03  Queen x2  
  13  5:19  Overlord  
  13  5:20  Overlord x4  
  13  5:29  Drone  
  13  5:30  Drone x3  
  13  5:51  Drone x2  
  13  5:52  Drone  
  13  5:56  Drone x8  
  13  6:09  Queen  
  13  6:13  Drone x8  
  13  6:14  Drone x4  
  13  6:20  Drone x2  
  13  6:23  Drone x3  
  13  6:31  Drone  
  13  6:38  Queen  
  13  6:40  Queen  
  13  6:42  Drone  
  13  6:47  Drone x4  
  13  6:49  Drone  
  13  6:50  Drone x2  
  13  6:52  Drone  
  13  7:18  Queen  
  13  7:19  Queen x4  
  13  7:20  Queen  
  13  7:21  Drone  
  13  7:22  Drone x4  
  13  7:24  Drone x5  
  13  7:26  Overlord  
  13  7:27  Overlord  
  13  7:29  Overlord  
  13  7:38  Drone, Extractor  
  13  7:40  Drone, Extractor  
  13  7:43  Overlord x5  
  13  7:44  Overlord  
  13  7:47  Drone x2  
  13  7:49  Drone x3  
  13  7:54  Overlord x2, Queen  
  13  8:28  Overlord x3  
  13  8:53  Overlord x7  
  13  8:54  Overlord x4  
  13  8:55  Drone x3  
  13  8:57  Drone  
  13  9:05  Drone  
  13  9:09  Drone  
  13  9:14  Overlord x3  
  13  9:15  Overlord x6  
  13  9:21  Queen x2  
  13  9:22  Queen x3  
  13  9:23  Queen  
  13  9:31  Drone  
  13  9:44  Overlord x3  
  13  9:45  Overlord x16  
  13  9:54  Drone  
  13  9:56  Drone  
  13  9:58  Drone  
  13  10:01  Drone  
  13  10:03  Drone x2  
  13  10:04  Overlord x7  
  13  10:05  Overlord x3  
  13  10:24  Overlord x15  
  13  10:30  Lair  
  13  10:35  Spore Crawler x2  
  13  10:37  Spore Crawler  
  13  10:38  Spore Crawler  
  13  10:40  Extractor x2  
  13  10:41  Extractor  
  13  10:42  Extractor, Spore Crawler x2  
  13  10:55  Drone x3  
  13  11:06  Roach Warren  
  13  11:08  Roach Warren  
  13  11:11  Roach Warren  
  13  11:12  Roach Warren  
  13  11:13  Roach Warren  
  13  11:17  Drone x4, Extractor  
  13  11:18  Extractor, Spawning Pool  
  13  11:19  Overlord x15  
  13  11:20  Overlord x8  
  13  11:52  Overlord x20  
  13  12:11  Hatchery  
  13  12:17  Hatchery  
  13  12:23  Hatchery  
  13  12:24  Hatchery  
  13  12:25  Hatchery  
  13  12:30  Hatchery  
  13  12:41  Hatchery  
  13  12:48  Hatchery  
  13  13:04  Drone x6  
  13  13:06  Drone x2  
  13  13:07  Drone x3, Hatchery  
  13  13:09  Drone x2  
  13  13:10  Hatchery  
  13  13:20  Drone x3  
  13  13:21  Drone x3  
  13  13:49  Metabolic Boost  
  13  14:00  Drone x3  
  13  14:02  Drone x3  
  13  14:04  Drone x3  
  13  14:05  Drone x3  
  13  14:09  Drone x3  
  13  14:11  Drone x3  
  13  14:12  Drone x2  
  13  14:15  Drone x2  
  13  14:20  Drone  
  13  14:21  Drone  
  13  14:23  Drone  
  13  14:41  Drone x3  
  13  14:44  Overlord  
  13  14:45  Overlord x30  
  13  14:46  Overlord  
  13  15:05  Overlord x3  
  13  15:12  Overlord x22  
  13  15:13  Overlord x17  
  13  15:26  Drone x2  
  13  15:27  Drone  
  13  15:28  Drone x3  
  13  15:30  Drone x3  
  13  15:31  Drone x2  
  13  15:33  Drone x5  
  13  16:01  Drone x6  
  13  16:03  Overlord x24  
  13  16:04  Overlord x18  
  13  16:24  Overlord x6  
  13  16:25  Overlord x24  
  13  16:26  Overlord x4  
  13  16:41  Drone x3  
  13  16:43  Drone x3  
  13  16:44  Drone x3  
  13  16:58  Drone x4  
  13  17:14  Hatchery  
  13  17:43  Drone x3  
  13  17:44  Overlord x5  
  13  17:45  Overlord x32  
  13  17:46  Overlord x8  
  13  18:30  Overlord  
  13  18:31  Overlord x30  
  13  18:32  Overlord x22  
  13  21:51  Overlord x25  
  13  21:52  Overlord x13  
  13  22:09  Overlord  
  13  22:10  Overlord x31  
  13  22:11  Overlord x12  
  13  22:20  Overlord x2  
  13  22:21  Overlord x32  
  13  22:22  Overlord x7  
  13  22:25  Overlord x10  
  13  22:26  Overlord x32  
  13  22:27  Overlord x5  
  13  22:29  Overlord x28  
  13  22:30  Overlord x10  
  13  22:31  Overlord x30  
  13  22:32  Overlord x11  
  13  22:33  Overlord x22  
  13  22:34  Overlord  
  13  22:36  Overlord x5  
  13  23:01  Overlord x11  
  13  23:02  Overlord x33  
  13  23:03  Overlord x11  
  13  23:20  Overlord x6  
  13  23:21  Overlord x14  
  13  23:26  Pneumatized Carapace  
  13  23:27  Burrow  
  13  23:36  Infestation Pit  
  13  23:40  Infestation Pit  
  13  24:02  Overlord x28  
  13  24:03  Overlord x18  
  13  24:14  Overlord x14  
  13  24:15  Overlord  
  13  24:16  Overlord  
  13  24:17  Overlord  
  13  24:35  Overlord  
  13  24:36  Overlord x24  
  13  24:37  Overlord  
  13  25:17  Overlord x7  
  13  25:18  Overlord x31  
  13  25:19  Overlord x15  
  13  25:20  Overlord x2  
  13  25:21  Overlord  
  13  25:34  Overlord x5  
  13  25:35  Overlord x12  
Tags
 
Matchup
TvZ
Opening
Pool First
Replay Pack
Myownreplay2
Spawn Locations
Cross Positions
Add a new tag
Caveats
  • Supply blocks, unpowered buildings, or Contaminate may cause inaccurate times.
  • Supply counts are checked every 10 seconds.